Diables vs Ice Dragons
Created - November 9, 2018 at 22:01
Goals
|
Diables |
1 |
2 |
0 |
3 |
Ice Dragons |
0 |
1 |
0 |
1 |
|
Shots
|
Diables |
8 |
9 |
12 |
29 |
Ice Dragons |
8 |
6 |
10 |
24 |
|
1st period
1. Diables , Mikko Lehtonen 6 (Carl Gunnarsson 8) at 17:42
Penalties :
Stefan Ruzicka (Kin) for Holding (Minor) at 8:29, Samuel Groulx (Kin) for Hooking (Minor) at 14:06
2nd period
2. Ice Dragons , Stefan Ruzicka 6 (Jordan LaVallee 8, Steve Ott 5) at 14:15 (PP)
3. Diables , Jordan Caron 5 (Carl Gunnarsson 9) at 15:48
4. Diables , Brian Dumoulin 1 (Taylor Beck 5, Tim Schaller 13) at 17:27
Penalties :
Chris Wagner (Kin) for Cross-checking (Minor) at 1:51, Andrew O'Brien (Alm) for Holding (Minor) at 5:02, Elias Lindholm (Alm) for Hooking (Minor) at 14:03
3rd period
No Goal
Penalties :
Steve Ott (Kin) for Tripping (Minor) at 2:31, Brayden McNabb (Kin) for Tripping (Minor) at 10:36, Kevin Connauton (Kin) for High sticking (Minor) at 14:14
Goalie Stats
Garret Sparks (Alm), 23 saves from 24 shots - (0.958), W, 1-2-0, 60:00 minutes
Harru Sateri (Kin), 26 saves from 29 shots - (0.897), L, 2-4-0, 60:00 minutes
Players Stats for Diables
Player Name G A P +/- PIM S H SB GA TA FO MP PP MP PK MP
------------------------------------------------------------------------------------
Andrew O'Brien 0 0 0 0 2 0 0 0 0 0 0/0 3:48 0:00 0:00
Brandon Prust 0 0 0 0 0 7 0 0 1 1 2/4 23:55 5:56 1:22
Brian Dumoulin 1 0 1 1 0 1 2 0 1 1 0/0 21:13 5:33 1:04
Carl Gunnarsson 0 2 2 2 0 2 3 4 0 0 0/0 24:40 6:18 1:07
Christian Thomas 0 0 0 1 0 1 0 0 0 0 0/1 12:29 0:00 0:00
Craig Smith 0 0 0 0 0 2 3 0 0 0 2/4 20:28 5:52 1:22
Daniel Zaar 0 0 0 0 0 0 0 0 0 0 0/0 2:42 0:38 0:00
Elias Lindholm 0 0 0 1 2 0 2 1 1 0 2/6 12:28 0:00 0:00
Jamie Oleksiak 0 0 0 0 0 0 1 0 0 0 0/0 10:01 0:00 0:00
Jeff Petry 0 0 0 1 0 0 1 1 0 0 0/0 21:13 5:33 1:04
Jordan Caron 1 0 1 2 0 6 0 1 0 1 0/1 20:05 5:32 0:00
Keith Seabrook 0 0 0 0 0 1 0 1 0 0 0/0 3:37 0:00 0:00
Louis Leblanc 0 0 0 0 0 0 0 0 0 0 2/5 4:35 0:00 0:00
Mark Fraser 0 0 0 2 0 1 0 1 1 1 0/0 25:09 6:21 1:07
Matt Lindblad 0 0 0 0 0 0 0 0 0 0 0/0 1:22 0:30 0:00
Michal Repik 0 0 0 0 0 0 0 0 0 0 0/2 4:35 0:00 0:00
Mikko Lehtonen 1 0 1 1 0 4 1 0 1 0 1/1 14:06 0:23 0:22
Nick Bjugstad 0 0 0 0 0 2 3 2 1 0 10/21 19:45 5:52 0:27
Pavel Valentenko 0 0 0 0 0 0 2 0 0 1 0/0 10:30 0:03 0:00
Taylor Beck 0 1 1 2 0 1 7 1 2 0 0/0 20:27 5:32 0:22
Tim Schaller 0 1 1 2 0 1 2 0 0 2 3/8 20:39 5:27 0:27
Players Stats for Ice Dragons
Player Name G A P +/- PIM S H SB GA TA FO MP PP MP PK MP
------------------------------------------------------------------------------------
Alex Plante 0 0 0 -1 0 0 2 0 1 0 0/0 20:07 0:48 4:27
Brandon Kozun 0 0 0 -1 0 2 1 0 0 0 1/1 12:01 0:08 0:00
Brayden McNabb 0 0 0 -1 2 2 2 0 0 0 0/0 25:33 1:23 6:13
Chris Wagner 0 0 0 -1 2 1 0 0 0 0 0/0 6:55 0:08 0:00
Christian Djoos 0 0 0 0 0 0 1 0 0 0 0/0 15:50 0:00 3:10
Darren Helm 0 0 0 0 0 0 1 0 1 1 5/7 17:03 0:52 4:20
Jiri Tlusty 0 0 0 0 0 3 2 0 0 1 0/0 19:34 0:52 6:20
Jordan LaVallee 0 1 1 -1 0 2 0 0 0 0 0/0 18:10 1:11 1:55
Kevin Connauton 0 0 0 -2 2 2 1 2 0 3 0/0 25:34 1:23 5:49
Logan MacMillan 0 0 0 0 0 2 0 0 0 1 1/1 12:43 0:52 0:00
Michael Chaput 0 0 0 -1 0 0 0 0 0 0 2/8 12:58 0:08 0:56
Michael Ferland 0 0 0 -1 0 0 1 0 0 0 0/0 6:46 0:00 0:10
Ryan Pulock 0 0 0 0 0 1 0 0 2 0 0/0 13:12 0:00 0:22
Sam Carrick 0 0 0 -1 0 1 1 0 0 0 3/5 8:28 0:00 1:51
Samuel Groulx 0 0 0 -2 2 0 0 2 1 0 0/0 20:12 0:48 3:47
Stefan Ruzicka 1 0 1 -1 2 5 4 0 2 0 5/8 22:05 1:11 5:22
Steve Ott 0 1 1 -1 2 2 1 2 0 2 14/23 19:07 1:11 2:54
William Carrier 0 0 0 -1 0 1 2 0 0 0 0/0 11:42 0:00 0:00
3 Stars
1 - Carl Gunnarsson (Alm)
2 - Taylor Beck (Alm)
3 - Jordan Caron (Alm)
Power Play
Diables - 0 on 6 Attempt(s) - 0.00%
Ice Dragons - 1 on 2 Attempt(s) - 50.00%
Penalty Kill
Diables - 1 on 2 Attempt(s) - 50.00%
- Score 0 goal in Penalty Kill
Ice Dragons - 6 on 6 Attempt(s) - 100.00%
- Score 0 goal in Penalty Kill
Team Stat
Diables - Hits : 27 - Faceoff Wins : 22 - Blocked Shots : 12 - Penalty Minutes : 4
Ice Dragons - Hits : 19 - Faceoff Wins : 31 - Blocked Shots : 6 - Penalty Minutes : 12
Official
Referees : Unknown
Linesman : Unknown
Game Notes
No Game Note
Finance
Level 1 -- Attendance: 1558 (77.90%) -- Ticket Income $62,320
Level 2 -- Attendance: 783 (78.30%) -- Ticket Income $15,660
Total Attendance: 2341 (78.03%)
Total Ticket Income: $77,980
Other Income: $3,899
Total Income: $81,879
Diables
5 vs 5 Forward
Center Left Wing Right Wing Time % Phy DF OF
1 Nick Bjugstad Brandon Prust Craig Smith 40 1 2 2
2 Tim Schaller Taylor Beck Jordan Caron 30 1 2 2
3 Elias Lindholm Christian Thomas Mikko Lehtonen 20 1 2 2
4 Louis Leblanc Brandon Prust Michal Repik 10 1 2 2
5 vs 5 Defense
Defense Defense Time % Phy DF OF
1 Carl Gunnarsson Mark Fraser 40 1 2 2
2 Brian Dumoulin Jeff Petry 30 1 2 2
3 Pavel Valentenko Jamie Oleksiak 20 1 2 2
4 Keith Seabrook Andrew O'Brien 10 1 2 2
PowerPlay Forward
Center Left Wing Right Wing Time % Phy DF OF
1 Nick Bjugstad Brandon Prust Craig Smith 60 1 2 2
2 Tim Schaller Taylor Beck Jordan Caron 40 1 2 2
PowerPlay Defense
Defense Defense Time % Phy DF OF
1 Carl Gunnarsson Mark Fraser 60 1 2 2
2 Brian Dumoulin Jeff Petry 40 1 2 2
Penalty Kill 4 Players Forward
Center Wing Time % Phy DF OF
1 Brandon Prust Craig Smith 60 1 2 2
2 Nick Bjugstad Tim Schaller 40 1 2 2
Penalty Kill 4 Players Defense
Defense Defense Time % Phy DF OF
1 Carl Gunnarsson Mark Fraser 60 1 2 2
2 Brian Dumoulin Jeff Petry 40 1 2 2
Penalty Kill - 3 Players Forward
Forward Time % Phy DF OF
1 Brandon Prust 60 1 2 2
2 Craig Smith 40 1 2 2
Penalty Kill - 3 Players Defense
Defense Defense Time % Phy DF OF
1 Carl Gunnarsson Mark Fraser 60 1 2 2
2 Brian Dumoulin Jeff Petry 40 1 2 2
4 vs 4 Forward
Center Wing Time % Phy DF OF
1 Brandon Prust Craig Smith 60 1 2 2
2 Nick Bjugstad Tim Schaller 40 1 2 2
4 vs 4 Defense
Defense Defense Time % Phy DF OF
1 Carl Gunnarsson Mark Fraser 60 1 2 2
2 Brian Dumoulin Jeff Petry 40 1 2 2
Last Minutes Offensive
Center Left Wing Right Wing Defense Defense
Nick Bjugstad Brandon Prust Craig Smith Carl Gunnarsson Mark Fraser
Last Minutes Defensive
Center Left Wing Right Wing Defense Defense
Nick Bjugstad Brandon Prust Craig Smith Carl Gunnarsson Mark Fraser
Goaltenders
Starting : Garret Sparks
Backup : Malcolm Subban
Extra Forwards
Normal : Daniel Zaar, Matt Lindblad, Mikko Lehtonen - PP : Daniel Zaar, Matt Lindblad - PK : Mikko Lehtonen
Extra Defensemen
Normal : Pavel Valentenko, Jamie Oleksiak, Keith Seabrook - PP : Pavel Valentenko - PK : Jamie Oleksiak, Keith Seabrook
Penalty Shots
Brandon Prust, Craig Smith, Nick Bjugstad, Tim Schaller, Jordan Caron
Scratches
Stephen Harper (Healthy), Emil Djuse (Healthy), Gemel Smith (Healthy), Cole Cassels (Healthy), Jeremy Gregoire (Healthy)
Scott Harrington (Healthy), Connor Hurley (Healthy), Gustav Olofsson (Healthy), Andreas Johnsson (Healthy), Brett Ritchie (Healthy)
Chris Bigras (Healthy), Marc-André Bourdon (Healthy), Linus Ullmark (Healthy), Jack Campbell (Healthy)
Ice Dragons
5 vs 5 Forward
Center Left Wing Right Wing Time % Phy DF OF
1 Steve Ott Jordan LaVallee Stefan Ruzicka 40 2 2 1
2 Darren Helm Logan MacMillan Jiri Tlusty 30 2 2 1
3 Michael Chaput William Carrier Brandon Kozun 20 2 2 1
4 Sam Carrick Michael Ferland Chris Wagner 10 2 2 1
5 vs 5 Defense
Defense Defense Time % Phy DF OF
1 Brayden McNabb Kevin Connauton 40 2 2 1
2 Samuel Groulx Alex Plante 30 2 2 1
3 Ryan Pulock Christian Djoos 20 2 2 1
4 Brayden McNabb Kevin Connauton 10 2 2 1
PowerPlay Forward
Center Left Wing Right Wing Time % Phy DF OF
1 Steve Ott Jordan LaVallee Stefan Ruzicka 60 1 1 3
2 Darren Helm Logan MacMillan Jiri Tlusty 40 1 1 3
PowerPlay Defense
Defense Defense Time % Phy DF OF
1 Brayden McNabb Kevin Connauton 60 1 2 2
2 Samuel Groulx Alex Plante 40 1 2 2
Penalty Kill 4 Players Forward
Center Wing Time % Phy DF OF
1 Stefan Ruzicka Jiri Tlusty 60 3 2 0
2 Steve Ott Darren Helm 40 2 3 0
Penalty Kill 4 Players Defense
Defense Defense Time % Phy DF OF
1 Brayden McNabb Kevin Connauton 60 2 3 0
2 Samuel Groulx Alex Plante 40 2 3 0
Penalty Kill - 3 Players Forward
Forward Time % Phy DF OF
1 Stefan Ruzicka 60 1 4 0
2 Jiri Tlusty 40 1 4 0
Penalty Kill - 3 Players Defense
Defense Defense Time % Phy DF OF
1 Brayden McNabb Kevin Connauton 60 1 4 0
2 Samuel Groulx Alex Plante 40 1 4 0
4 vs 4 Forward
Center Wing Time % Phy DF OF
1 Stefan Ruzicka Jiri Tlusty 60 2 2 1
2 Steve Ott Darren Helm 40 2 2 1
4 vs 4 Defense
Defense Defense Time % Phy DF OF
1 Brayden McNabb Kevin Connauton 60 2 2 1
2 Samuel Groulx Alex Plante 40 2 2 1
Last Minutes Offensive
Center Left Wing Right Wing Defense Defense
Steve Ott Jordan LaVallee Stefan Ruzicka Brayden McNabb Kevin Connauton
Last Minutes Defensive
Center Left Wing Right Wing Defense Defense
Steve Ott Jordan LaVallee Stefan Ruzicka Brayden McNabb Kevin Connauton
Goaltenders
Starting : Harru Sateri
Backup : Anders Nilsson
Extra Forwards
Normal : Michael Chaput, Brandon Kozun, Sam Carrick - PP : Michael Chaput, Brandon Kozun - PK : Sam Carrick
Extra Defensemen
Normal : Ryan Pulock, Christian Djoos, Samuel Groulx - PP : Ryan Pulock - PK : Christian Djoos, Samuel Groulx
Penalty Shots
Stefan Ruzicka, Jiri Tlusty, Steve Ott, Darren Helm, Jordan LaVallee
Scratches
Thomas Gobeil (Healthy), Theodor Blueger (Healthy), Alex Henriksson (Healthy), Emil Pettersson (Healthy), Cole Ully (Healthy)
Justin Shugg (Healthy), Oscar Dansk (Healthy)
% Time on Ice - Diables
Lines # - Real PCT - Wanted PCT - Time Play
Normal Forward
1 - 31% - 40% - 14:06
2 - 32% - 30% - 14:45
3 - 27% - 20% - 12:29
4 - 10% - 10% - 4:35
Normal Defense
1 - 39% - 40% - 17:41
2 - 32% - 30% - 14:36
3 - 22% - 20% - 10:01
4 - 8% - 10% - 3:37
PP Forward
1 - 54% - 60% - 6:22
2 - 46% - 40% - 5:32
PP Defense
1 - 53% - 60% - 6:21
2 - 47% - 40% - 5:33
PK Forward
1 - 79% - 60% - 1:44
2 - 21% - 40% - 0:27
PK Defense
1 - 51% - 60% - 1:07
2 - 49% - 40% - 1:04
PK3 Forward
1 - 0% - 60%
2 - 0% - 40%
PK3 Defense
1 - 0% - 60%
2 - 0% - 40%
44 Forward
1 - 0% - 60%
2 - 0% - 40%
44 Defense
1 - 0% - 60%
2 - 0% - 40%
Last Minute Offensive - 0:00
Last Minute Defensive - 0:00
Total
Forward - 60:00
Defense - 60:00
|
% Time on Ice - Ice Dragons
Lines # - Real PCT - Wanted PCT - Time Play
Normal Forward
1 - 34% - 40% - 15:45
2 - 26% - 30% - 11:52
3 - 25% - 20% - 11:42
4 - 14% - 10% - 6:36
Normal Defense
1 - 39% - 40% - 17:58
2 - 32% - 30% - 14:52
3 - 28% - 20% - 12:40
4 - 1% - 10% - 0:25
PP Forward
1 - 60% - 60% - 1:19
2 - 40% - 40% - 0:52
PP Defense
1 - 63% - 60% - 1:23
2 - 37% - 40% - 0:48
PK Forward
1 - 68% - 60% - 8:02
2 - 32% - 40% - 3:52
PK Defense
1 - 63% - 60% - 7:27
2 - 37% - 40% - 4:27
PK3 Forward
1 - 0% - 60%
2 - 0% - 40%
PK3 Defense
1 - 0% - 60%
2 - 0% - 40%
44 Forward
1 - 0% - 60%
2 - 0% - 40%
44 Defense
1 - 0% - 60%
2 - 0% - 40%
Last Minute Offensive - 0:00
Last Minute Defensive - 0:00
Total
Forward - 60:00
Defense - 60:00
|
Play by Play
1st period
0:01 of 1st period - Nick Bjugstad wins face-off versus Steve Ott in neutral zone.
0:28 of 1st period - Slapshot by Jiri Tlusty.
0:28 of 1st period - Stopped by Garret Sparks with a rebound.
0:40 of 1st period - Alex Plante is hit by Taylor Beck and loses puck.
0:57 of 1st period - Wrist shot by Mikko Lehtonen.
0:57 of 1st period - Stopped by Harru Sateri without a rebound.
0:58 of 1st period - Sam Carrick wins face-off versus Louis Leblanc in Ice Dragons zone.
0:58 of 1st period - Sam Carrick is hit by Pavel Valentenko.
1:14 of 1st period - Wrist shot by Brandon Prust.
1:14 of 1st period - Shot Misses the Net.
1:56 of 1st period - Snap shot by Brandon Kozun.
1:56 of 1st period - Stopped by Garret Sparks with a rebound.
2:19 of 1st period - Snap shot by Tim Schaller.
2:19 of 1st period - Shot Misses the Net.
2:27 of 1st period - Snap shot by Tim Schaller.
2:27 of 1st period - Shot Misses the Net.
2:29 of 1st period - Slapshot by Keith Seabrook.
2:29 of 1st period - Stopped by Harru Sateri without a rebound.
2:30 of 1st period - Steve Ott wins face-off versus Nick Bjugstad in Ice Dragons zone.
2:39 of 1st period - Snap shot by Stefan Ruzicka.
2:39 of 1st period - Shot Blocked by Keith Seabrook.
3:06 of 1st period - Wrist shot by Christian Thomas.
3:06 of 1st period - Shot Misses the Net.
3:29 of 1st period - Off-side.
3:30 of 1st period - Darren Helm wins face-off versus Elias Lindholm in neutral zone.
3:45 of 1st period - Wrist shot by Jiri Tlusty.
3:45 of 1st period - Shot Misses the Net.
4:00 of 1st period - Wrist shot by Jordan LaVallee.
4:00 of 1st period - Stopped by Garret Sparks without a rebound.
4:01 of 1st period - Steve Ott wins face-off versus Nick Bjugstad in Diables zone.
4:02 of 1st period - Slapshot by Jordan LaVallee.
4:02 of 1st period - Shot Blocked by Carl Gunnarsson.
4:14 of 1st period - Slapshot by Craig Smith.
4:14 of 1st period - Shot Blocked by Steve Ott.
5:24 of 1st period - Slapshot by Kevin Connauton.
5:24 of 1st period - Stopped by Garret Sparks with a rebound.
5:26 of 1st period - Snap shot by Stefan Ruzicka.
5:26 of 1st period - Shot Misses the Net.
6:22 of 1st period - Samuel Groulx is hit by Pavel Valentenko and loses puck.
7:12 of 1st period - Logan MacMillan is hit by Mikko Lehtonen and loses puck.
7:59 of 1st period - Jordan Caron is hit by Brandon Kozun and loses puck.
8:20 of 1st period - Snap shot by Mikko Lehtonen.
8:20 of 1st period - Deflect By Elias Lindholm.
8:20 of 1st period - Shot Misses the Net.
8:20 of 1st period - Puck is out of play.
8:21 of 1st period - Elias Lindholm wins face-off versus Steve Ott in Ice Dragons zone.
8:29 of 1st period - Minor Penalty to Stefan Ruzicka for Holding.
8:30 of 1st period - Sam Carrick wins face-off versus Craig Smith in Ice Dragons zone.
8:46 of 1st period - Wrist shot by Jiri Tlusty.
8:46 of 1st period - Stopped by Garret Sparks with a rebound.
8:56 of 1st period - Brayden McNabb is hit by Taylor Beck and loses puck.
10:29 of 1st period - Penalty to Stefan Ruzicka is over, Stefan Ruzicka is back on ice.
10:52 of 1st period - Sam Carrick is hit by Brian Dumoulin and loses puck.
11:06 of 1st period - Icing by Ryan Pulock.
11:07 of 1st period - Steve Ott wins face-off versus Louis Leblanc in Ice Dragons zone.
11:27 of 1st period - Off-side.
11:28 of 1st period - Darren Helm wins face-off versus Elias Lindholm in neutral zone.
11:52 of 1st period - Mark Fraser is hit by Darren Helm.
12:11 of 1st period - Wrist shot by Christian Thomas.
12:11 of 1st period - Stopped by Harru Sateri without a rebound.
12:12 of 1st period - Craig Smith wins face-off versus Steve Ott in Ice Dragons zone.
12:13 of 1st period - Wrist shot by Brandon Prust.
12:13 of 1st period - Stopped by Harru Sateri with a rebound.
12:25 of 1st period - Snap shot by Stefan Ruzicka.
12:25 of 1st period - Shot Blocked by Nick Bjugstad.
12:55 of 1st period - Wrist shot by Nick Bjugstad.
12:55 of 1st period - Stopped by Harru Sateri with a rebound.
13:10 of 1st period - Slapshot by Brandon Prust.
13:10 of 1st period - Stopped by Harru Sateri with a rebound.
13:58 of 1st period - Wrist shot by Carl Gunnarsson.
13:58 of 1st period - Shot Misses the Net.
14:00 of 1st period - Wrist shot by Elias Lindholm.
14:00 of 1st period - Shot Misses the Net.
14:02 of 1st period - Snap shot by Mikko Lehtonen.
14:02 of 1st period - Stopped by Harru Sateri without a rebound.
14:03 of 1st period - Steve Ott wins face-off versus Tim Schaller in Ice Dragons zone.
14:03 of 1st period - Steve Ott is hit by Tim Schaller.
14:06 of 1st period - Minor Penalty to Samuel Groulx for Hooking.
14:07 of 1st period - Stefan Ruzicka wins face-off versus Jordan Caron in Ice Dragons zone.
14:07 of 1st period - Stefan Ruzicka is hit by Taylor Beck.
16:06 of 1st period - Penalty to Samuel Groulx is over, Samuel Groulx is back on ice.
16:11 of 1st period - Jiri Tlusty is hit by Carl Gunnarsson and loses puck.
16:16 of 1st period - Wrist shot by Christian Thomas.
16:16 of 1st period - Shot Misses the Net.
16:26 of 1st period - Wrist shot by Stefan Ruzicka.
16:26 of 1st period - Stopped by Garret Sparks with a rebound.
16:28 of 1st period - Slapshot by Brayden McNabb.
16:28 of 1st period - Stopped by Garret Sparks without a rebound.
16:29 of 1st period - Louis Leblanc wins face-off versus Michael Chaput in Diables zone.
16:59 of 1st period - Tim Schaller is hit by Alex Plante and loses puck.
17:42 of 1st period - Wrist shot by Mikko Lehtonen.
17:42 of 1st period - Goal by Mikko Lehtonen - Diables : 1 - Ice Dragons : 0.
17:43 of 1st period - Steve Ott wins face-off versus Nick Bjugstad in neutral zone.
17:52 of 1st period - Slapshot by Stefan Ruzicka.
17:52 of 1st period - Stopped by Garret Sparks with a rebound.
18:08 of 1st period - Carl Gunnarsson is hit by Jiri Tlusty and loses puck.
Goals for this period are 1 for Diables vs 0 for Ice Dragons.
Shots for this period are 8 for Diables vs 8 for Ice Dragons.
2nd period
0:01 of 2nd period - Steve Ott wins face-off versus Nick Bjugstad in neutral zone.
0:05 of 2nd period - Off-side.
0:06 of 2nd period - Steve Ott wins face-off versus Nick Bjugstad in neutral zone.
0:11 of 2nd period - Snap shot by Stefan Ruzicka.
0:11 of 2nd period - Stopped by Garret Sparks with a rebound.
0:13 of 2nd period - Slapshot by Kevin Connauton.
0:13 of 2nd period - Stopped by Garret Sparks without a rebound.
0:14 of 2nd period - Nick Bjugstad wins face-off versus Steve Ott in Diables zone.
1:03 of 2nd period - Samuel Groulx is hit by Carl Gunnarsson and loses puck.
1:51 of 2nd period - Minor Penalty to Chris Wagner for Cross-checking.
1:52 of 2nd period - Stefan Ruzicka wins face-off versus Brandon Prust in Ice Dragons zone.
3:51 of 2nd period - Penalty to Chris Wagner is over, Chris Wagner is back on ice.
4:25 of 2nd period - Off-side.
4:26 of 2nd period - Michael Chaput wins face-off versus Michal Repik in neutral zone.
4:47 of 2nd period - Andrew O'Brien is hit by Stefan Ruzicka and loses puck.
5:02 of 2nd period - Minor Penalty to Andrew O'Brien for Holding.
5:03 of 2nd period - Steve Ott wins face-off versus Brandon Prust in Diables zone.
5:18 of 2nd period - Wrist shot by Stefan Ruzicka.
5:18 of 2nd period - Shot Misses the Net.
7:02 of 2nd period - Penalty to Andrew O'Brien is over, Andrew O'Brien is back on ice.
7:08 of 2nd period - Tim Schaller is hit by Brayden McNabb and loses puck.
7:25 of 2nd period - Mikko Lehtonen is hit by Sam Carrick and loses puck.
7:36 of 2nd period - Brandon Kozun is hit by Brian Dumoulin and loses puck.
8:24 of 2nd period - Pavel Valentenko is hit by Michael Ferland and loses puck.
8:45 of 2nd period - Pavel Valentenko is hit by Stefan Ruzicka and loses puck.
9:49 of 2nd period - Elias Lindholm is hit by Jiri Tlusty and loses puck.
10:26 of 2nd period - Icing by Alex Plante.
10:27 of 2nd period - Michael Chaput wins face-off versus Elias Lindholm in Ice Dragons zone.
10:27 of 2nd period - Michael Chaput is hit by Elias Lindholm.
10:52 of 2nd period - Snap shot by Tim Schaller.
10:52 of 2nd period - Shot Misses the Net.
11:28 of 2nd period - Snap shot by Brandon Prust.
11:28 of 2nd period - Stopped by Harru Sateri without a rebound.
11:29 of 2nd period - Steve Ott wins face-off versus Michal Repik in Ice Dragons zone.
11:29 of 2nd period - Steve Ott is hit by Jeff Petry.
11:35 of 2nd period - Snap shot by Brandon Prust.
11:35 of 2nd period - Stopped by Harru Sateri with a rebound.
11:37 of 2nd period - Slapshot by Louis Leblanc.
11:37 of 2nd period - Shot Misses the Net.
12:15 of 2nd period - Wrist shot by Jiri Tlusty.
12:15 of 2nd period - Shot Misses the Net.
12:40 of 2nd period - Slapshot by Brayden McNabb.
12:40 of 2nd period - Stopped by Garret Sparks without a rebound.
12:41 of 2nd period - Elias Lindholm wins face-off versus Michael Chaput in Diables zone.
13:06 of 2nd period - Christian Djoos is hit by Nick Bjugstad and loses puck.
13:33 of 2nd period - Slapshot by Jordan LaVallee.
13:33 of 2nd period - Shot Blocked by Carl Gunnarsson.
13:57 of 2nd period - Snap shot by Darren Helm.
13:57 of 2nd period - Shot Blocked by Elias Lindholm.
14:03 of 2nd period - Minor Penalty to Elias Lindholm for Hooking.
14:04 of 2nd period - Brandon Prust wins face-off versus Steve Ott in Diables zone.
14:15 of 2nd period - Snap shot by Stefan Ruzicka.
14:15 of 2nd period - Goal by Stefan Ruzicka - Diables : 1 - Ice Dragons : 1.
14:16 of 2nd period - Steve Ott wins face-off versus Nick Bjugstad in neutral zone.
15:13 of 2nd period - Brandon Kozun is hit by Carl Gunnarsson.
15:35 of 2nd period - Craig Smith is hit by Kevin Connauton and loses puck.
15:48 of 2nd period - Snap shot by Jordan Caron.
15:48 of 2nd period - Goal by Jordan Caron - Diables : 2 - Ice Dragons : 1.
15:49 of 2nd period - Steve Ott wins face-off versus Nick Bjugstad in neutral zone.
15:54 of 2nd period - Samuel Groulx is hit by Nick Bjugstad and loses puck.
16:05 of 2nd period - Slapshot by Nick Bjugstad.
16:05 of 2nd period - Stopped by Harru Sateri without a rebound.
16:06 of 2nd period - Darren Helm wins face-off versus Tim Schaller in Ice Dragons zone.
16:22 of 2nd period - Backhand shot by Darren Helm.
16:22 of 2nd period - Shot Hit the Post.
17:02 of 2nd period - Wrist shot by Mikko Lehtonen.
17:02 of 2nd period - Shot Misses the Net.
17:04 of 2nd period - Slapshot by Carl Gunnarsson.
17:04 of 2nd period - Stopped by Harru Sateri with a rebound.
17:25 of 2nd period - Wrist shot by Taylor Beck.
17:25 of 2nd period - Shot Misses the Net.
17:27 of 2nd period - Slapshot by Brian Dumoulin.
17:27 of 2nd period - Goal by Brian Dumoulin - Diables : 3 - Ice Dragons : 1.
17:28 of 2nd period - Craig Smith wins face-off versus Darren Helm in neutral zone.
18:20 of 2nd period - Alex Plante is hit by Jamie Oleksiak and loses puck.
18:41 of 2nd period - Snap shot by Logan MacMillan.
18:41 of 2nd period - Stopped by Garret Sparks with a rebound.
18:43 of 2nd period - Slapshot by Darren Helm.
18:43 of 2nd period - Deflect By Logan MacMillan.
18:43 of 2nd period - Stopped by Garret Sparks with a rebound.
19:05 of 2nd period - Taylor Beck is hit by Stefan Ruzicka and loses puck.
19:32 of 2nd period - Wrist shot by Tim Schaller.
19:32 of 2nd period - Shot Blocked by Steve Ott.
19:34 of 2nd period - Snap shot by Jordan Caron.
19:34 of 2nd period - Stopped by Harru Sateri with a rebound.
19:36 of 2nd period - Slapshot by Andrew O'Brien.
19:36 of 2nd period - Shot Blocked by Samuel Groulx.
19:38 of 2nd period - Wrist shot by Taylor Beck.
19:38 of 2nd period - Stopped by Harru Sateri with a rebound.
19:40 of 2nd period - Wrist shot by Taylor Beck.
19:40 of 2nd period - Shot Blocked by Samuel Groulx.
19:42 of 2nd period - Snap shot by Jordan Caron.
19:42 of 2nd period - Stopped by Harru Sateri without a rebound.
19:43 of 2nd period - Brandon Prust wins face-off versus Darren Helm in Ice Dragons zone.
19:50 of 2nd period - Wrist shot by Craig Smith.
19:50 of 2nd period - Shot Misses the Net.
19:52 of 2nd period - Snap shot by Craig Smith.
19:52 of 2nd period - Shot Misses the Net.
19:54 of 2nd period - Wrist shot by Brandon Prust.
19:54 of 2nd period - Shot Misses the Net.
19:56 of 2nd period - Slapshot by Craig Smith.
19:56 of 2nd period - Shot Misses the Net.
Goals for this period are 2 for Diables vs 1 for Ice Dragons.
Shots for this period are 9 for Diables vs 6 for Ice Dragons.
3rd period
0:01 of 3rd period - Nick Bjugstad wins face-off versus Steve Ott in neutral zone.
0:12 of 3rd period - Jeff Petry is hit by Steve Ott and loses puck.
0:57 of 3rd period - Wrist shot by Sam Carrick.
0:57 of 3rd period - Stopped by Garret Sparks with a rebound.
0:59 of 3rd period - Snap shot by Michael Ferland.
0:59 of 3rd period - Deflect By Chris Wagner.
0:59 of 3rd period - Stopped by Garret Sparks with a rebound.
1:06 of 3rd period - Off-side.
1:07 of 3rd period - Nick Bjugstad wins face-off versus Steve Ott in neutral zone.
1:18 of 3rd period - Slapshot by Brandon Prust.
1:18 of 3rd period - Shot Misses the Net.
1:20 of 3rd period - Wrist shot by Brandon Prust.
1:20 of 3rd period - Shot Misses the Net.
1:22 of 3rd period - Slapshot by Mark Fraser.
1:22 of 3rd period - Stopped by Harru Sateri without a rebound.
1:23 of 3rd period - Logan MacMillan wins face-off versus Nick Bjugstad in Ice Dragons zone.
1:23 of 3rd period - Logan MacMillan is hit by Craig Smith.
1:29 of 3rd period - Mark Fraser is hit by Brayden McNabb and loses puck.
2:12 of 3rd period - Stefan Ruzicka is hit by Taylor Beck and loses puck.
2:31 of 3rd period - Minor Penalty to Steve Ott for Tripping.
2:32 of 3rd period - Nick Bjugstad wins face-off versus Stefan Ruzicka in Ice Dragons zone.
2:57 of 3rd period - Kevin Connauton is hit by Taylor Beck and loses puck.
3:02 of 3rd period - Slapshot by Tim Schaller.
3:02 of 3rd period - Shot Misses the Net.
3:36 of 3rd period - Slapshot by Kevin Connauton.
3:36 of 3rd period - Shot Blocked by Carl Gunnarsson.
3:46 of 3rd period - Brayden McNabb is hit by Nick Bjugstad and loses puck.
4:31 of 3rd period - Penalty to Steve Ott is over, Steve Ott is back on ice.
4:37 of 3rd period - Jordan Caron is hit by Alex Plante and loses puck.
5:09 of 3rd period - Wrist shot by Mikko Lehtonen.
5:09 of 3rd period - Stopped by Harru Sateri without a rebound.
5:10 of 3rd period - Sam Carrick wins face-off versus Elias Lindholm in Ice Dragons zone.
5:42 of 3rd period - Wrist shot by Steve Ott.
5:42 of 3rd period - Stopped by Garret Sparks without a rebound.
5:43 of 3rd period - Darren Helm wins face-off versus Louis Leblanc in Diables zone.
6:33 of 3rd period - Elias Lindholm is hit by William Carrier and loses puck.
7:03 of 3rd period - Slapshot by Jordan Caron.
7:03 of 3rd period - Stopped by Harru Sateri without a rebound.
7:04 of 3rd period - Tim Schaller wins face-off versus Sam Carrick in Ice Dragons zone.
7:07 of 3rd period - Snap shot by Jordan Caron.
7:07 of 3rd period - Shot Misses the Net.
7:59 of 3rd period - Slapshot by Brandon Kozun.
7:59 of 3rd period - Shot Blocked by Mark Fraser.
8:35 of 3rd period - Wrist shot by Jiri Tlusty.
8:35 of 3rd period - Shot Blocked by Jordan Caron.
8:37 of 3rd period - Slapshot by Sam Carrick.
8:37 of 3rd period - Shot Blocked by Taylor Beck.
8:39 of 3rd period - Wrist shot by Sam Carrick.
8:39 of 3rd period - Shot Misses the Net.
8:41 of 3rd period - Slapshot by Ryan Pulock.
8:41 of 3rd period - Stopped by Garret Sparks without a rebound.
8:42 of 3rd period - Nick Bjugstad wins face-off versus Sam Carrick in Diables zone.
8:55 of 3rd period - Wrist shot by Craig Smith.
8:55 of 3rd period - Stopped by Harru Sateri with a rebound.
8:57 of 3rd period - Slapshot by Nick Bjugstad.
8:57 of 3rd period - Shot Blocked by Kevin Connauton.
9:34 of 3rd period - Slapshot by Jiri Tlusty.
9:34 of 3rd period - Stopped by Garret Sparks without a rebound.
9:35 of 3rd period - Darren Helm wins face-off versus Christian Thomas in Diables zone.
9:42 of 3rd period - Slapshot by Jiri Tlusty.
9:42 of 3rd period - Shot Blocked by Jeff Petry.
10:00 of 3rd period - Samuel Groulx is hit by Craig Smith and loses puck.
10:36 of 3rd period - Minor Penalty to Brayden McNabb for Tripping.
10:37 of 3rd period - Nick Bjugstad wins face-off versus Stefan Ruzicka in Ice Dragons zone.
10:38 of 3rd period - Snap shot by Craig Smith.
10:38 of 3rd period - Stopped by Harru Sateri with a rebound.
10:40 of 3rd period - Slapshot by Mark Fraser.
10:40 of 3rd period - Shot Blocked by Kevin Connauton.
10:42 of 3rd period - Slapshot by Brandon Prust.
10:42 of 3rd period - Stopped by Harru Sateri with a rebound.
10:44 of 3rd period - Slapshot by Brandon Prust.
10:44 of 3rd period - Stopped by Harru Sateri without a rebound.
10:45 of 3rd period - Stefan Ruzicka wins face-off versus Nick Bjugstad in Ice Dragons zone.
11:48 of 3rd period - Wrist shot by Tim Schaller.
11:48 of 3rd period - Deflect By Jordan Caron.
11:48 of 3rd period - Shot Misses the Net.
11:48 of 3rd period - Puck is out of play.
11:49 of 3rd period - Stefan Ruzicka wins face-off versus Tim Schaller in Ice Dragons zone.
12:29 of 3rd period - Wrist shot by Jordan Caron.
12:29 of 3rd period - Deflect By Taylor Beck.
12:29 of 3rd period - Shot Misses the Net.
12:29 of 3rd period - Puck is out of play.
12:30 of 3rd period - Stefan Ruzicka wins face-off versus Nick Bjugstad in Ice Dragons zone.
12:36 of 3rd period - Penalty to Brayden McNabb is over, Brayden McNabb is back on ice.
12:39 of 3rd period - Backhand shot by Brandon Prust.
12:39 of 3rd period - Stopped by Harru Sateri without a rebound.
12:40 of 3rd period - Brandon Kozun wins face-off versus Nick Bjugstad in Ice Dragons zone.
12:47 of 3rd period - Slapshot by Kevin Connauton.
12:47 of 3rd period - Shot Blocked by Carl Gunnarsson.
12:49 of 3rd period - Snap shot by William Carrier.
12:49 of 3rd period - Shot Misses the Net.
12:51 of 3rd period - Snap shot by William Carrier.
12:51 of 3rd period - Stopped by Garret Sparks with a rebound.
12:53 of 3rd period - Snap shot by William Carrier.
12:53 of 3rd period - Shot Misses the Net.
12:55 of 3rd period - Wrist shot by Brandon Kozun.
12:55 of 3rd period - Stopped by Garret Sparks without a rebound.
12:56 of 3rd period - Steve Ott wins face-off versus Tim Schaller in Diables zone.
13:05 of 3rd period - Wrist shot by Tim Schaller.
13:05 of 3rd period - Shot Hit the Post.
13:07 of 3rd period - Wrist shot by Carl Gunnarsson.
13:07 of 3rd period - Stopped by Harru Sateri without a rebound.
13:08 of 3rd period - Nick Bjugstad wins face-off versus Steve Ott in Ice Dragons zone.
13:17 of 3rd period - Slapshot by Kevin Connauton.
13:17 of 3rd period - Shot Misses the Net.
13:19 of 3rd period - Slapshot by Kevin Connauton.
13:19 of 3rd period - Shot Blocked by Nick Bjugstad.
13:23 of 3rd period - Wrist shot by Jordan LaVallee.
13:23 of 3rd period - Stopped by Garret Sparks with a rebound.
13:41 of 3rd period - Slapshot by Michael Chaput.
13:41 of 3rd period - Deflect By William Carrier.
13:41 of 3rd period - Shot Misses the Net.
13:41 of 3rd period - Puck is out of play.
13:42 of 3rd period - Tim Schaller wins face-off versus Steve Ott in Diables zone.
13:47 of 3rd period - Steve Ott is hit by Taylor Beck and loses puck.
13:54 of 3rd period - Slapshot by Tim Schaller.
13:54 of 3rd period - Stopped by Harru Sateri with a rebound.
14:08 of 3rd period - Darren Helm is hit by Elias Lindholm and loses puck.
14:14 of 3rd period - Minor Penalty to Kevin Connauton for High sticking.
14:15 of 3rd period - Nick Bjugstad wins face-off versus Stefan Ruzicka in Ice Dragons zone.
14:27 of 3rd period - Snap shot by Nick Bjugstad.
14:27 of 3rd period - Shot Misses the Net.
14:45 of 3rd period - Wrist shot by Jordan Caron.
14:45 of 3rd period - Stopped by Harru Sateri without a rebound.
14:46 of 3rd period - Steve Ott wins face-off versus Tim Schaller in Ice Dragons zone.
14:46 of 3rd period - Steve Ott is hit by Taylor Beck.
14:58 of 3rd period - Taylor Beck is hit by Stefan Ruzicka.
15:22 of 3rd period - Stefan Ruzicka is hit by Craig Smith and loses puck.
16:14 of 3rd period - Penalty to Kevin Connauton is over, Kevin Connauton is back on ice.
16:23 of 3rd period - Backhand shot by Stefan Ruzicka.
16:23 of 3rd period - Stopped by Garret Sparks without a rebound.
16:24 of 3rd period - Mikko Lehtonen wins face-off versus Michael Chaput in Diables zone.
16:33 of 3rd period - Snap shot by Mikko Lehtonen.
16:33 of 3rd period - Shot Hit the Post.
17:34 of 3rd period - Taylor Beck is hit by Christian Djoos and loses puck.
17:58 of 3rd period - Icing by Craig Smith.
17:59 of 3rd period - Nick Bjugstad wins face-off versus Michael Chaput in Diables zone.
17:59 of 3rd period - Craig Smith is hit by William Carrier and loses puck.
18:29 of 3rd period - Wrist shot by Steve Ott.
18:29 of 3rd period - Stopped by Garret Sparks without a rebound.
18:30 of 3rd period - Steve Ott wins face-off versus Craig Smith in Diables zone.
18:55 of 3rd period - Wrist shot by Tim Schaller.
18:55 of 3rd period - Deflect By Taylor Beck.
18:55 of 3rd period - Shot Misses the Net.
18:55 of 3rd period - Puck is out of play.
18:56 of 3rd period - Tim Schaller wins face-off versus Michael Chaput in Ice Dragons zone.
19:11 of 3rd period - Slapshot by Samuel Groulx.
19:11 of 3rd period - Shot Misses the Net.
19:28 of 3rd period - Slapshot by Jeff Petry.
19:28 of 3rd period - Shot Misses the Net.
19:30 of 3rd period - Backhand shot by Jeff Petry.
19:30 of 3rd period - Deflect By Jordan Caron.
19:30 of 3rd period - Stopped by Harru Sateri without a rebound.
19:31 of 3rd period - Louis Leblanc wins face-off versus Michael Chaput in Ice Dragons zone.
19:58 of 3rd period - Kevin Connauton is hit by Tim Schaller and loses puck.
Goals for this period are 0 for Diables vs 0 for Ice Dragons.
Shots for this period are 12 for Diables vs 10 for Ice Dragons.
Back to the Top